 Dungeon Crawl Stone Soup version 0.31.0-9-g3a7656b989 (webtiles) character file.

Game seed: 3246970265178

642 qw the Shooter (level 7, -1/36 HPs)
             Began as a Spriggan Hunter on Feb 2, 2024.
             Killed from afar by an orc wizard (9 damage)
             ... with a magic dart
             ... on level 6 of the Dungeon.
             The game lasted 00:00:16 (3669 turns).

qw the Shooter (Spriggan Hunter)                    Turns: 3669, Time: 00:00:17

Health: -1/36      AC:  3    Str:  7    XL:     7   Next: 26%
Magic:  8/8        EV: 21    Int: 11    God:
Gold:   155        SH:  0    Dex: 20    Spells: 6/6 levels left

rFire   . . .        a - +0 shortbow
rCold   . . .        (shield currently unavailable)
rNeg    . . .        c - +0 robe
rPois   .            (helmet restricted)
rElec   .            b - +0 cloak
rCorr   .            (gloves unavailable)
SInv    +            (boots unavailable)
Will    +....        (no amulet)
Stlth   ++           (no ring)
HPRegen 0.26/turn    (no ring)
MPRegen 0.11/turn

%: no passive effects
@: about to teleport, very quick
A: very small, no large weapons, unfitting armour, see invisible, speed 3
a: no special abilities


You were on level 6 of the Dungeon.
You visited 1 branch of the dungeon, and saw 6 of its levels.

You collected 255 gold pieces.
You spent 100 gold pieces at shops.


Innate Abilities, Weirdness & Mutations

You are very small and have problems with some larger weapons.
You are too small for most types of armour.
You have supernaturally acute eyesight. (SInv)
You cover ground extremely quickly. (Speed+++)


   Skills:
 - Level 3.3 Fighting
 - Level 7.0 Ranged Weapons
 + Level 6.0 Dodging
 - Level 1.5 Stealth


You had 6 spell levels left.
You didn't know any spells.
Your spell library was empty.

Inventory:

Hand Weapons
 a - a +0 shortbow (weapon)
Armour
 b - a +0 cloak (worn)
 c - a +0 robe (worn)
Jewellery
 i - a +5 ring of evasion
Wands
 h - a wand of flame (14)
Scrolls
 e - a scroll of fog {unknown}
Potions
 d - a potion of might
 f - 2 potions of curing
 g - a potion of lignification {unknown}
 j - a potion of mutation {unknown}
 k - a potion of enlightenment {unknown}

Dungeon Overview and Level Annotations

Branches:
Dungeon (6/15)
 Temple: D:4-7

Altars:
Ashenzari
Fedhas
Qazlal
Sif Muna
Xom
Yredelemnul

Shops:
D:4 *

Annotations:
D:3 1 runed translucent door, Crazy Yiuf


Message History

The orc wizard casts a spell at you. You resist with almost no effort.
The orc priest invokes the aid of Beogh against you.
You resist with significant effort.
You shoot an arrow. The arrow hits the orc priest.
The orc priest is heavily wounded.
The orc wizard misses you. The orc priest closely misses you.
You shoot an arrow. The arrow hits the orc priest.
The orc priest is severely wounded.
The orc wizard misses you.
The orc priest mumbles some strange prayers to Beogh against you.
Pain shoots through your body!
You shoot an arrow. The arrow hits the orc priest.
The orc priest is almost dead.
The orc wizard hits you but does no damage.
The orc priest barely misses you.
You shoot an arrow.
The arrow closely misses the orc priest.
The orc wizard completely misses you. The orc priest completely misses you.
You shoot an arrow.
The arrow hits the orc priest but does no damage.
The orc priest is almost dead.
The orc wizard hits you with a +0 dagger.
The orc priest misses you.
You shoot an arrow. The arrow barely misses the orc priest.
The orc priest looks braver for a moment.
The orc wizard completely misses you.
You shoot an arrow. The arrow hits the orc priest.
You kill the orc priest!
The orc wizard misses you.
Your Ranged Weapons skill increases to level 7!
You shoot an arrow. The arrow hits the orc wizard.
The orc wizard is moderately wounded.
The orc wizard hits you with a +0 dagger. x2
3669 ||| READING scroll of teleportation.
As you read the scroll of teleportation, it crumbles to dust.
You feel strangely unstable.
The orc wizard gestures at you while chanting.
The magic dart hits you!
You die...

####### ### ..#>. ..#
#.#.#####.#
####.#)@.....#
#.....o...##.########
#.##.#..#...........#
#.#..####.######.#
#.......#.......# #.#
##.....###......# #.#
#..... ########
###.## #.o.o)
#....### #.....
##########.......


You could see an orc wizard (invisible).

Vanquished Creatures
  Edmund (D:4)
  An ice beast (D:5)
  A bombardier beetle (D:4)
  2 orc priests (D:6)
  4 iguanas
  Jessica (D:3)
  Robin (D:3)
  4 gnolls (D:6)
  5 adders
  2 dart slugs
  3 ribbon worms
  5 orcs
  9 ball pythons
  7 bats
  7 endoplasms
  A giant cockroach (D:3)
  16 goblins
  6 hobgoblins
  6 jackals
  A quokka (D:1)
  3 frilled lizards
  6 kobolds
  5 rats
97 creatures vanquished.

Notes
Turn   | Place    | Note
-------+----------+-------------------------------------------
     0 | D:1      | qw the Spriggan Hunter began the quest for the Orb.
     0 | D:1      | Reached XP level 1. HP: 10/10 MP: 2/2
     0 | D:1      | 0 ||| qw: Version: 0.3-a-155-g5e7d8dd
     0 | D:1      | 0 ||| qw: Game counter: 2040
     0 | D:1      | 0 ||| qw: Melee chars always use a shield: true
     0 | D:1      | 0 ||| qw: God list: Okawaru
     0 | D:1      | 0 ||| qw: Allow faded altars: false
     0 | D:1      | 0 ||| qw: Do Orc after clearing Dungeon:15 true
     0 | D:1      | 0 ||| qw: Do second Lair branch before Depths: true
     0 | D:1      | 0 ||| qw: Lair rune preference: random
     0 | D:1      | 0 ||| qw: Goals: Normal
     0 | D:1      | 0 ||| PLANNING D:1-11
    50 | D:1      | Reached skill level 3 in Dodging
   113 | D:1      | Reached XP level 2. HP: 14/14 MP: 3/3
   474 | D:1      | Noticed a shining eye
   477 | D:1      | Noticed a glass eye
   480 | D:1      | Found a faded altar of an unknown god.
   483 | D:1      | Noticed a great orb of eyes
   483 | D:1      | Noticed a glass eye
   702 | D:1      | 702 ||| DROPPING +6 ring of intelligence.
   703 | D:1      | 703 ||| READING scroll labelled BUMAZX ILIOPN.
   704 | D:1      | 704 ||| READING scroll labelled IRROBB DIWOMP.
   705 | D:1      | 705 ||| READING scroll labelled CITOOH ALIOSA.
   710 | D:1      | 710 ||| DRINKING 2 inky potions.
   711 | D:1      | 711 ||| DROPPING scroll of butterflies.
   801 | D:2      | Reached XP level 3. HP: 18/18 MP: 4/4
  1227 | D:2      | 1227 ||| UPGRADING to +0 cloak.
  1232 | D:2      | 1232 ||| DROPPING ring of magical power.
  1233 | D:2      | 1233 ||| READING scroll labelled OLASIPN UNIY.
  1334 | D:2      | 1334 ||| READING scroll labelled DIT TUERONEPE.
  1335 | D:2      | 1335 ||| READING scroll labelled HUOQEO FAPOLLU.
  1336 | D:2      | 1336 ||| DRINKING 2 glowing red potions.
  1437 | D:3      | Noticed Robin
  1447 | D:3      | Killed Robin
  1448 | D:3      | Reached skill level 5 in Ranged Weapons
  1448 | D:3      | Reached XP level 4. HP: 16/22 MP: 5/5
  1448 | D:3      | 1448 ||| FLEEEEING.
  1449 | D:3      | 1449 ||| FLEEEEING.
  1450 | D:3      | 1450 ||| FLEEEEING.
  1452 | D:3      | 1452 ||| FLEEEEING.
  1458 | D:3      | 1458 ||| FLEEEEING.
  1459 | D:3      | 1459 ||| FLEEEEING.
  1460 | D:3      | 1460 ||| FLEEEEING.
  1461 | D:3      | 1461 ||| FLEEEEING.
  1462 | D:3      | 1462 ||| FLEEEEING.
  1463 | D:3      | 1463 ||| FLEEEEING.
  1464 | D:3      | 1464 ||| STAIRDANCE
  1478 | D:2      | 1478 ||| READING scroll labelled RIEZOC WEIKLUSOPT.
  1478 | D:2      | 1478 ||| IDENTIFYING fizzy dark potion
  1479 | D:2      | 1479 ||| DROPPING potion of invisibility.
  1795 | D:3      | Found a runed translucent door.
  1796 | D:3      | Identified the +7 hammer "Puacukh" {antimagic, rPois Int+3
                  | Dex-5 Stlth+}
  1796 | D:3      | Noticed Crazy Yiuf
  1852 | D:3      | Found a stormy altar of Qazlal.
  1854 | D:3      | Found a blossoming altar of Fedhas.
  1885 | D:3      | Found a basalt altar of Yredelemnul.
  1892 | D:3      | Found a shimmering altar of Xom.
  1914 | D:3      | Noticed Jessica
  1922 | D:3      | Killed Jessica
  1926 | D:3      | Reached XP level 5. HP: 19/26 MP: 6/6
  2157 | D:3      | 2157 ||| READING 2 scrolls of identify.
  2157 | D:3      | 2157 ||| IDENTIFYING glowing white potion
  2158 | D:3      | 2158 ||| READING scroll of identify.
  2158 | D:3      | 2158 ||| IDENTIFYING viscous dark potion
  2159 | D:3      | 2159 ||| DROPPING potion of brilliance.
  2160 | D:3      | 2160 ||| DROPPING potion of degeneration.
  2195 | D:4      | Found a shimmering blue altar of Sif Muna.
  2196 | D:4      | Found a broken altar of Ashenzari.
  2248 | D:4      | Found Voestel's CLEARANCE SALE!.
  2255 | D:4      | 2255 ||| BUYING wand of quicksilver (6) (100 gold).
  2255 | D:4      | Bought a wand of quicksilver (6) for 100 gold pieces
  2274 | D:4      | HP: 4/26 [adder (4)]
  2275 | D:4      | 2275 ||| READING scroll of teleportation.
  2275 | D:4      | HP: 1/26 [adder (3)]
  2276 | D:4      | 2276 ||| DRINKING potion of heal wounds.
  2330 | D:4      | Noticed Edmund
  2331 | D:4      | 2331 ||| ZAPPING wand of quicksilver (6) at 1,7 (Edmund;
                  | floor).
  2332 | D:4      | 2332 ||| ZAPPING wand of quicksilver (5) at 1,6 (Edmund;
                  | floor).
  2333 | D:4      | 2333 ||| ZAPPING wand of quicksilver (4) at 0,5 (Edmund;
                  | floor).
  2334 | D:4      | 2334 ||| ZAPPING wand of quicksilver (3) at 0,4 (Edmund;
                  | floor).
  2334 | D:4      | Killed Edmund
  2335 | D:4      | Reached skill level 3 in Fighting
  2335 | D:4      | Reached XP level 6. HP: 32/32 MP: 7/7
  2741 | D:5      | Entered Level 5 of the Dungeon
  2746 | D:5      | 2746 ||| STAIRDANCE
  2912 | D:5      | Noticed an ice beast
  2913 | D:5      | 2913 ||| ZAPPING wand of quicksilver (2) at 4,2 (ice beast;
                  | floor).
  2914 | D:5      | 2914 ||| ZAPPING wand of quicksilver (1) at 3,1 (ice beast;
                  | floor).
  2915 | D:5      | 2915 ||| ZAPPING wand of flame (16) at 2,1 (ice beast;
                  | floor).
  2916 | D:5      | 2916 ||| ZAPPING wand of flame (15) at 1,1 (ice beast;
                  | floor).
  2916 | D:5      | Killed an ice beast
  2917 | D:5      | Reached skill level 6 in Ranged Weapons
  3008 | D:5      | Reached skill level 6 in Dodging
  3029 | D:5      | Reached XP level 7. HP: 36/36 MP: 8/8
  3485 | D:5      | 3485 ||| DROPPING amulet of magic regeneration.
  3486 | D:5      | 3486 ||| READING scroll of identify.
  3486 | D:5      | 3486 ||| IDENTIFYING grey potion
  3646 | D:6      | 3646 ||| FLEEEEING.
  3647 | D:6      | 3647 ||| FLEEEEING.
  3648 | D:6      | 3648 ||| FLEEEEING.
  3649 | D:6      | 3649 ||| FLEEEEING.
  3668 | D:6      | Reached skill level 7 in Ranged Weapons
  3668 | D:6      | HP: 8/36 [orc wizard/+0 dagger (3)]
  3669 | D:6      | 3669 ||| READING scroll of teleportation.
  3669 | D:6      | Killed from afar by an orc wizard

Levels and vault maps discovered:
D:1:      nagdon_arrival_zigzag_paths, layout_basic, serial_forest,
          infiniplex_forest_straight_5, infiniplex_forest_straight_4,
          infiniplex_forest_lined_room_, infiniplex_forest_straight_2,
          infiniplex_forest_clump_double, infiniplex_forest_corner_1,
          infiniplex_forest_end_2, hellmonk_ecumenical_altar_watching_god,
          grunt_decor_arrowhead, minivault_27
D:2:      layout_loops_ring
D:3:      layout_loops_cross, nicolae_overflow_macrodata_refinement, uniq_robin,
          uniq_jessica, uniq_crazy_yiuf_cottage
D:4:      layout_cave_pools, mainiacjoe_overflow_catwalk_spiral,
          nicolae_shop_clearance, uniq_edmund
D:5:      layout_basic, serial_library_regret_index_double_sided
D:6:      layout_loops_cross, minmay_temple_entry_antechambers,
          nicolae_shop_overcharged_wands

Skill      XL: |  1  2  3  4  5  6  7 |
---------------+----------------------+-----
Dodging        | 3 4 5 6 |  6.0
Ranged Weapons | 5 6 7 |  7.0
Fighting       | 3 |  3.3
Stealth        | |  1.5

Action                     |  1- 3 |  4- 6 |  7- 9 || total
---------------------------+-------+-------+-------++-------
   Fire: Shortbow          |   102 |   178 |    40 ||   320
  Evoke: Wand              |       |     8 |       ||     8
    Use: Scroll            |     6 |     4 |     2 ||    12
         Potion            |     2 |     1 |       ||     3
 Armour: Robe              |    12 |    24 |    10 ||    46
  Dodge: Dodged            |    31 |    89 |    23 ||   143

Table legend:
 A = Non-vault XP
 B = Vault XP
 C = Vault XP percentage of total XP
 D = Non-vault monster count
 E = Vault monster count
 F = Vault count percentage of total count
                 A         B        C        D         E       F
            +---------+---------+-------+---------+---------+-------
      Total |     680 |     238 |  25.9 |      84 |      13 |  13.4
            +---------+---------+-------+---------+---------+-------
        D:1 |      28 |       0 |   0.0 |      16 |       0 |   0.0
        D:2 |      38 |       0 |   0.0 |      14 |       0 |   0.0
        D:3 |      70 |      69 |  49.6 |      27 |      12 |  30.8
        D:4 |     133 |     169 |  56.0 |      14 |       1 |   6.7
        D:5 |     260 |       0 |   0.0 |       5 |       0 |   0.0
        D:6 |     151 |       0 |   0.0 |       8 |       0 |   0.0
            +---------+---------+-------+---------+---------+-------
